 Dungeon Crawl Stone Soup version 0.17-a0-1954-g0dddeaa (webtiles) character file.

3278 Mordenkainen the Magician (level 9, -4/45 HPs)
             Began as a Deep Elf Wizard on Oct 4, 2015.
             Was a Follower of Vehumet.
             Slain by a troll (12 damage)
             ... on level 8 of the Dungeon.
             The game lasted 00:49:02 (11173 turns).

Mordenkainen the Magician (Deep Elf Wizard)        Turns: 11173, Time: 00:49:02

Health: -4/45      AC:  2    Str:  4    XL:     9   Next: 69%
Magic:  1/22       EV: 14    Int: 27    God:    Vehumet [*.....]
Gold:   513        SH:  0    Dex: 13    Spells: 6 memorised, 10 levels left

rFire  . . .     SeeInvis .     A - -3 falchion (slice) (curse)
rCold  . . .     Clarity  .     a - +0 robe
rNeg   . . .     SustAt   .     (no shield)
rPois  .         Gourm    +     b - +0 hat
rElec  .         Spirit   .     (no cloak)
rCorr  .         Warding  .     (no gloves)
rMut   .         Stasis   .     (no boots)
MR     .....                    s - amulet of the gourmand
Stlth  ++........               (no ring)
                                z - ring of loudness

@: repel missiles, not resistant to hostile enchantments, unstealthy
A: no striking features
a: Renounce Religion


You were on level 8 of the Dungeon.
You worshipped Vehumet.
Vehumet was aware of your devotion.
You were very full.

You visited 2 branches of the dungeon, and saw 9 of its levels.

You collected 513 gold pieces.

Inventory:

Hand weapons
 j - a +4 quarterstaff of chaos
 A - a cursed -3 falchion of slicing (weapon)
 D - a +0 dagger of draining
 K - a +1 dagger of venom
Missiles
 k - 90 poisoned needles
 E - 6 needles of confusion
Armour
 a - a +0 robe (worn)
 b - a +0 hat (worn)
 t - a +0 cloak
 B - a +2 helmet
Magical staves
 I - an uncursed staff of summoning
Jewellery
 s - an amulet of the gourmand (around neck)
 z - a ring of loudness (left hand)
Magical devices
 u - a wand of heal wounds (0)
 v - a wand of digging (9)
 C - a wand of magic darts (0)
 J - a wand of random effects (9)
Scrolls
 f - a scroll of magic mapping
 g - a scroll of enchant weapon
 h - a scroll of remove curse
 x - 3 scrolls of identify
Potions
 e - 2 potions of magic
 i - 4 potions of ambrosia
 m - 3 potions of curing
 o - a potion of degeneration
 p - a potion of flight
 q - 2 potions of heal wounds
 r - 2 potions of lignification
 F - a potion of mutation {unknown}
 G - a potion of haste
 H - a potion of brilliance {unknown}
Books
 c - a book of Minor Magic

   Spells                             Type                      Level
   a - Magic Dart                     Conjuration                  1
   b - Blink                          Translocation                2
   c - Call Imp                       Summoning                    2
   d - Repel Missiles                 Charms/Air                   2
   e - Slow                           Hexes                        2
   f - Conjure Flame                  Conjuration/Fire             3
   g - Mephitic Cloud                 Conjuration/Poison/Air       3
 y - a book of Cantrips

   Spells                             Type                      Level
   a - Corona                         Hexes                        1
   b - Animate Skeleton               Necromancy                   1
   c - Summon Small Mammal            Summoning                    1
   d - Apportation                    Translocation                1
Comestibles
 d - 7 bread rations
 l - 3 slices of pizza
 n - 2 meat rations
 w - 4 fruits


   Skills:
 + Level 5.1 Dodging
 + Level 6.0 Stealth
 + Level 7.3 Spellcasting
 * Level 6.8 Conjurations
 + Level 5.8 Charms
   Level 1.1 Summonings
 + Level 3.1 Necromancy
 + Level 4.4 Translocations
 + Level 3.6 Fire Magic
 + Level 3.6 Air Magic
 + Level 3.9 Poison Magic
 + Level 3.2 Evocations


You had 10 spell levels left.
You knew the following spells:

 Your Spells              Type           Power        Failure   Level  Hunger
a - Magic Dart            Conj           ####         1%          1    None
b - Blink                 Tloc           N/A          1%          2    None
c - Repel Missiles        Chrm/Air       #####.       1%          2    None
e - Conjure Flame         Conj/Fire      #####...     1%          3    None
h - Mephitic Cloud        Conj/Pois/Air  #####...     2%          3    None
q - Animate Skeleton      Necr           N/A          1%          1    None


Dungeon Overview and Level Annotations

Branches:
Dungeon (8/15)             Temple (1/1) D:6
   Lair: D:8-11

Altars:
Ashenzari
Dithmenos
Fedhas
Gozag
Makhleb
Nemelex Xobeh
Okawaru
Qazlal
Ru
Trog
Vehumet
Yredelemnul
Zin
The Shining One

Shops:
D:6 :   D:7 *}

Annotations:
D:6 Vergil's ghost, experienced CeHu


Message History

Press: ? - help, Shift-Dir - straight line The ball explodes into a vile cloud!
The stinking cloud engulfs the troll.
The stinking cloud engulfs the orc warrior.
The orc warrior is lightly wounded.
The troll is engulfed in noxious fumes.
The orc warrior is engulfed in noxious fumes.
The orc warrior appears confused.
Unknown command.
You barely miss the troll.
The troll is engulfed in roaring flames.
The troll bites you! The troll claws you! The troll claws you.
Vehumet accepts your kill.
You feel your power returning.
You feel a bit more experienced.
The troll is engulfed in roaring flames.
The troll bites you.
* * * LOW HITPOINT WARNING * * *
The troll claws you.
* * * LOW HITPOINT WARNING * * *
The troll claws you!
You die...

......# .....
.......
....###.......
....#........
...#........
#..#........
#..#........
#..#@.......
#§§T#.......
##§§#......#
.....r
#.§#####..#
...... # #..##
## ......
###### ###...#
...... .....##
##.....###
..... ......#
#.........###
##†.. ......#
#...........###
#..#


You could see a troll.

Vanquished Creatures
  Grinder (D:4)
  2 wyverns
  A water moccasin (D:7)
  A phantom (D:4)
  A necrophage (D:6)
  2 sky beasts
  2 ogres
  An ice beast (D:6)
  A centaur (D:7)
  5 big kobolds
  Blork the orc (D:5)
  3 giant frogs
  2 scorpions
  A centaur zombie (D:6)
  A gnoll shaman (D:5)
  Crazy Yiuf (D:5)
  A giant frog skeleton (D:6)
  3 iguanas
  4 hounds
  6 orc priests
  Jessica (D:3)
  2 centaur skeletons (D:4)
  Terence (D:3)
  4 orc wizards
  5 worker ants
  A killer bee zombie (D:7)
  A hound zombie (D:6)
  2 hound skeletons
  Robin (D:4)
  10 adders
  10 gnolls
  2 river rats (D:8)
  A shadow imp (D:6)
  An ooze (D:2)
  2 adder skeletons
  A worm (D:3)
  6 giant geckos
  30 orcs
  2 ball pythons
  43 hobgoblins
  6 jackals
  13 kobolds
  12 bats
  3 giant cockroaches
  A giant gecko skeleton (D:6)
  5 giant newts
  37 goblins
  4 quokkas
  17 rats
264 creatures vanquished.

Vanquished Creatures (collateral kills)
  A giant frog skeleton (D:5)
1 creature vanquished.

Grand Total: 265 creatures vanquished

Notes
Turn   | Place    | Note
--------------------------------------------------------------
     0 | D:1      | Mordenkainen the Deep Elf Wizard began the quest for the Orb.
     0 | D:1      | Reached XP level 1. HP: 10/10 MP: 7/7
   512 | D:1      | Reached XP level 2. HP: 15/15 MP: 6/9
   895 | D:2      | Reached skill level 5 in Spellcasting
   895 | D:2      | Reached XP level 3. HP: 19/19 MP: 5/11
   975 | D:2      | Found a sparkling altar of Nemelex Xobeh.
   975 | D:2      | Found an opulent altar of Gozag.
  1208 | D:2      | Found a sparkling altar of Nemelex Xobeh.
  1346 | D:2      | Learned a level 2 spell: Blink
  1349 | D:2      | Learned a level 2 spell: Repel Missiles
  1353 | D:2      | Learned a level 3 spell: Mephitic Cloud
  1357 | D:2      | Learned a level 3 spell: Conjure Flame
  1938 | D:3      | Reached XP level 4. HP: 24/24 MP: 5/13
  2112 | D:3      | Reached skill level 1 in Charms
  2283 | D:3      | Noticed a big kobold
  2287 | D:3      | Noticed a big kobold
  2437 | D:3      | Noticed a big kobold
  2668 | D:3      | Noticed Jessica
  2677 | D:3      | Killed Jessica
  2677 | D:3      | Reached skill level 1 in Air Magic
  2677 | D:3      | Reached XP level 5. HP: 28/28 MP: 5/14
  2787 | D:3      | Noticed Terence
  2976 | D:3      | Killed Terence
  3031 | D:3      | Killed a big kobold
  3031 | D:3      | Reached skill level 1 in Poison Magic
  3216 | D:3      | Killed a big kobold
  3216 | D:3      | Reached skill level 1 in Fire Magic
  3216 | D:3      | Reached XP level 6. HP: 32/32 MP: 4/16
  3332 | D:3      | Killed a big kobold
  3627 | D:3      | Noticed a big kobold
  3637 | D:3      | Killed a big kobold
  4157 | D:3      | Reached XP level 7. HP: 36/36 MP: 13/17
  4404 | D:4      | Noticed Robin
  4885 | D:4      | Noticed Grinder
  4908 | D:4      | Killed Robin
  5424 | D:4      | Paralysed by Grinder for 4 turns
  5567 | D:4      | Learned a level 1 spell: Animate Skeleton
  5619 | D:4      | Paralysed by Grinder for 5 turns
  5672 | D:4      | Killed Grinder
  5672 | D:4      | Reached skill level 6 in Spellcasting
  5672 | D:4      | Reached skill level 1 in Necromancy
  5672 | D:4      | Reached XP level 8. HP: 12/41 MP: 4/19
  5956 | D:4      | Reached skill level 5 in Stealth
  6034 | D:5      | Entered Level 5 of the Dungeon
  6089 | D:5      | Reached skill level 5 in Conjurations
  6140 | D:5      | Found a stormy altar of Qazlal.
  6502 | D:5      | Noticed Blork the orc
  6531 | D:5      | Reached skill level 1 in Evocations
  6632 | D:5      | Killed Blork the orc
  6650 | D:5      | Found a glowing golden altar of the Shining One.
  7639 | D:5      | Noticed Crazy Yiuf
  7649 | D:5      | Killed Crazy Yiuf
  7922 | D:6      | Noticed Vergil's ghost (experienced CeHu)
  8623 | D:6      | Reached XP level 9. HP: 45/45 MP: 8/20
  8704 | D:6      | Reached skill level 5 in Charms
  8781 | D:6      | Found Xuloops's Book Shop.
  8785 | D:6      | Found a staircase to the Ecumenical Temple.
  8797 | Temple   | Entered the Ecumenical Temple
  8949 | Temple   | Became a worshipper of Vehumet
  9368 | D:7      | HP: 1/45 [something (8)]
  9656 | D:7      | Found an opulent altar of Gozag.
  9658 | D:7      | Found Gozag's Platinum Reserve.
  9706 | D:7      | Reached skill level 7 in Spellcasting
  9997 | D:7      | Found Ympuahust's Gadget Shoppe.
 10716 | D:8      | Acquired Vehumet's first power
 10716 | D:8      | Offered knowledge of Sandblast by Vehumet.
 10724 | D:8      | Reached skill level 5 in Dodging
 11173 | D:8      | Slain by a troll

Vault maps used:
D:1:      dpeg_arrival_erosion
D:2:      grunt_temple_overflow_opulence, first_bread, minmay_misc_feat_five,
          nemelex_diamond_rough_becter
D:3:      minmay_goblin_kobold_castle, uniq_jessica, uniq_terence
D:4:      uniq_robin, uniq_grinder
D:5:      basic_altar, nicolae_qazlal_style_of_elements,
          uniq_crazy_yiuf_cottage, uniq_blork_the_orc
D:6:      minmay_temple_entry_statues_pillars, serial_shops, shop
D:7:      serial_shops, nicolae_shop_competitors_out_of_business,
          nicolae_gozag_zags_fifth_avenue
D:8:      grunt_lair_entry_elf_guard_hut
Temple:   chambers_temple_10

Action                   |  1- 3 |  4- 6 |  7- 9 || total
-------------------------+-------+-------+-------++-------
Melee: Unarmed           |     3 |     1 |       ||     4
       Falchion          |       |       |     9 ||     9
 Fire: Hunting sling     |       |     9 |    22 ||    31
 Cast: Magic Dart        |   107 |   199 |   508 ||   814
       Blink             |     1 |     3 |    13 ||    17
       Mephitic Cloud    |       |     7 |    28 ||    35
       Conjure Flame     |       |     3 |    26 ||    29
       Animate Skeleton  |       |       |    14 ||    14
       Repel Missiles    |       |       |     3 ||     3
Evoke: Wand              |       |       |    23 ||    23
  Use: Scroll            |       |       |    14 ||    14
       Potion            |       |       |     3 ||     3
 Stab: Confused          |       |       |     1 ||     1
  Eat: Chunk             |     2 |     7 |    29 ||    38
